 Dungeon Crawl Stone Soup version 0.26-a0-784-g51bffae0b1 (webtiles) character file.

Game seed: 5684091169169703263

42 Kinoniko the Slasher (level 3, -2/36 HPs)
             Began as a Troll Monk on Nov 10, 2020.
             Slain by a gnoll
             ... wielding a +0 whip
              (3 damage)
             ... on level 1 of the Dungeon.
             The game lasted 00:00:42 (461 turns).

Kinoniko the Slasher (Troll Monk)                    Turns: 461, Time: 00:00:43

Health: -2/36      AC:  6    Str: 19    XL:     3   Next: 33%
Magic:  2/2        EV: 10    Int:  5    God:
Gold:   6          SH:  0    Dex: 12    Spells: 2/2 levels left

rFire    . . .     SeeInvis .   a - +0 falchion
rCold    . . .     Faith    .   (no shield)
rNeg     . . .     Spirit   .   b - +0 robe
rPois    .         Reflect  .   (helmet restricted)
rElec    .         Harm     .   (no cloak)
rCorr    .         Rampage  .   (gloves unavailable)
MR       .....                  (boots unavailable)
Stlth    ++........             (no amulet)
HPRegen  0.52/turn              (no ring)
MPRegen  0.08/turn              (no ring)

@: no status effects
A: large, unfitting armour, claws 3, fangs 1, dopey 1, mutation resistance 1,
regeneration 1, screaming 1, shaggy fur 1, tough skin 3
a: no special abilities


You were on level 1 of the Dungeon.
You visited 1 branch of the dungeon, and saw 2 of its levels.

You collected 6 gold pieces.

Inventory:

Hand Weapons
 a - a +0 falchion (weapon)
Armour
 b - a +0 robe (worn)
Scrolls
 c - a scroll of identify {unknown}


   Skills:
 + Level 2.6 Fighting
 * Level 2.8 Long Blades
 + Level 2.6 Dodging
 - Level 1.0 Stealth
 * Level 1.6 Unarmed Combat


You had 2 spell levels left.
You didn't know any spells.
Your spell library was empty.

Dungeon Overview and Level Annotations

Branches:
Dungeon (2/15)

Altars:


Innate Abilities, Weirdness & Mutations

You are too large for most types of armour.
You have claws for hands.
Your natural rate of healing is unusually fast.
You are covered in fur. (AC +1)
You have extremely tough skin. (AC +3)
You have very sharp teeth.
You are dopey. (Int -2)
You are somewhat resistant to further mutation.
You occasionally shout uncontrollably at your foes.


Message History

You feel stupid.
You feel the urge to shout.
Your teeth lengthen and sharpen.
You feel genetically stable.
The gnoll hits you from afar with a +0 spear.
* * * LOW HITPOINT WARNING * * *
The gnoll closely misses you. The gnoll hits you but does no damage.
You are too injured to fight recklessly!
The gnoll misses you. The gnoll closely misses you.
There is a stone staircase leading up here.
The leopard gecko hisses menacingly.
The gnoll hits you but does no damage.
You climb upwards.
There is a stone staircase leading down here.
You hit the gnoll.
The gnoll is severely wounded.
The gnoll hits you with a +0 whip!
* * * LOW HITPOINT WARNING * * *
You hit the gnoll but do no damage.
The gnoll is severely wounded.
The gnoll hits you with a +0 whip.
You die...

###### #....# #....#
############....## ###
#@.........'...... #.#
#g##########....## #.#
#.# #....# #.###.#
###### #.....#
##.....## #######
#.....(.####.....######
#.###............'.....
#.....######.....######


You could see a gnoll.

Vanquished Creatures
  A gnoll (D:2)
  4 dart slugs (D:1)
  4 goblins (D:1)
  A hobgoblin (D:1)
  7 jackals (D:1)
  3 kobolds
  2 rats (D:1)
22 creatures vanquished.

Notes
Turn   | Place    | Note
-------+----------+-------------------------------------------
     0 | D:1      | Kinoniko the Troll Monk began the quest for the Orb.
     0 | D:1      | Reached XP level 1. HP: 22/22 MP: 0/0
   108 | D:1      | Reached XP level 2. HP: 26/29 MP: 1/1
   116 | D:1      | Reached skill level 1 in Unarmed Combat
   295 | D:1      | Reached XP level 3. HP: 32/36 MP: 2/2
   450 | D:2      | Gained mutation: You are dopey. (Int -2) [potion of
                  | mutation]
   450 | D:2      | Gained mutation: You occasionally shout uncontrollably at
                  | your foes. [potion of mutation]
   450 | D:2      | Gained mutation: You have very sharp teeth. [potion of
                  | mutation]
   450 | D:2      | Gained mutation: You are somewhat resistant to further
                  | mutation. [potion of mutation]
   460 | D:1      | HP: 1/36 [gnoll/+0 whip (8)]
   461 | D:1      | Slain by a gnoll

Illustrated notes

Levels and vault maps discovered:
D:1:      dpeg_arrival_shrine, layout_basic
D:2:      layout_basic, kennysheep_flooded_box, fedhas_altar_1

Skill      XL: |  1  2 |
---------------+-------+-----
Unarmed Combat | 1 |  1.6
Fighting       | |  2.6
Long Blades    | |  2.8
Dodging        | |  2.6
Stealth        | |  1.0

Action                   || total
-------------------------++-------
Melee: Falchion          ||    70
  Use: Potion            ||     1
 Stab: Sleeping          ||     2
Armor: Robe              ||    31
Dodge: Dodged            ||    63
       Rpst.: Falchion   ||    20

Table legend: (Time is in decaauts)
 A = Elapsed time spent in this place.
 B = Non-inter-level travel time spent in this place.
 C = Inter-level travel time spent in this place.
 D = Time resting spent in this place.
 E = Time spent auto-exploring this place.
 F = Levels seen in this place.
 G = Mean time per level.
                   A        B        C        D        E       F      G
               +--------+--------+--------+--------+--------+-----+--------+
         Total |    474 |    426 |     48 |      0 |    289 |   2 |  237.0 |
       Dungeon |    474 |    426 |     48 |      0 |    289 |   2 |  237.0 |
               +--------+--------+--------+--------+--------+-----+--------+

Top non-repeatable levels by time:
     D:1: 448 daAuts
     D:2: 26 daAuts
